 Dungeon Crawl Stone Soup version 0.20-a0-33-g996f6e0 (webtiles) character file.

8653 one1010 the Carver (level 11, -7/95 HPs)
             Began as a Minotaur Fighter on Nov 9, 2016.
             Was an Elder of Ru.
             Mangled by a freezing wraith (19 damage)
             ... led by a death knight
             ... on level 12 of the Dungeon.
             The game lasted 00:54:24 (7562 turns).

one1010 the Carver (Minotaur Fighter)               Turns: 7562, Time: 00:54:25

Health: -7/95      AC: 19    Str: 27    XL:     11   Next: 12%
Magic:  10/10      EV:  6    Int:  5    God:    Ru [****..]
Gold:   527        SH: 18    Dex: 11    Spells: 0 memorised, 10 levels left

rFire  . . .     SeeInvis .     c - +9 rapier of Incongruity {flame, Str+4 Stlth+}
rCold  . . .     Gourm    .     I - +0 plate armour
rNeg   . . .     Faith    .     D - +0 large shield
rPois  .         Spirit   .     (helmet restricted)
rElec  .         Reflect  .     w - +1 cloak
rCorr  .         Harm     .     B - +0 pair of gloves
MR     .....                    (no boots)
Stlth  ..........               y - amulet of regeneration
                                (no ring)
                                (no ring)

@: no scrolls
A: retaliatory headbutt, horns 2, thin metallic scales 1, inability to read
while threatened, inability to use devices
a: Draw Out Power, Power Leap, Renounce Religion


You were on level 12 of the Dungeon.
You worshipped Ru.
Ru was greatly pleased with you.
You were hungry.

You visited 2 branches of the dungeon, and saw 11 of its levels.

You collected 527 gold pieces.

Inventory:

Hand Weapons
 a - a +1 long sword
 c - the +9 rapier of Incongruity (weapon) {flame, Str+4 Stlth+}
   (You found it on level 12 of the Dungeon)

   It has been specially enchanted to burn those struck by it, causing extra
   injury to most foes and up to half again as much damage against particularly
   susceptible opponents.
   It affects your strength (+4).
   It makes you more stealthy.
 h - the +6 quarterstaff of the Extremes {freeze, Str+4 Int+4}
   (You found it on level 8 of the Dungeon)

   It has been specially enchanted to freeze those struck by it, causing extra
   injury to most foes and up to half again as much damage against particularly
   susceptible opponents.
   It can also slow down cold-blooded creatures.
   It affects your strength (+4).
   It affects your intelligence (+4).
 j - a +1 hunting sling of velocity
Armour
 p - a +0 troll leather armour
 w - a +1 cloak (worn)
 B - a +0 pair of gloves (worn)
 D - a +0 large shield (worn)
 I - a +0 plate armour (worn)
Jewellery
 y - an amulet of regeneration (around neck)
Scrolls
 i - a scroll of teleportation
 k - 2 scrolls of immolation
 m - 6 scrolls of remove curse
 s - 3 scrolls of enchant armour
 u - 4 scrolls of magic mapping
 G - a scroll of amnesia
 J - a scroll of identify
Potions
 b - a potion of ambrosia {unknown}
 d - a potion of might
 e - 2 potions of flight
 o - a potion of curing
 q - 2 potions of brilliance
 r - a potion of lignification
 z - a potion of mutation
 A - a potion of haste
 E - a potion of cure mutation {unknown}
Books
 g - a book of Maledictions

   Spells                             Type                      Level
   a - Corona                         Hexes                        1
   b - Ensorcelled Hibernation        Hexes/Ice                    2
   c - Confuse                        Hexes                        3
   d - Tukima's Dance                 Hexes                        3
   e - Dazzling Spray                 Conjuration/Hexes            3
 t - a book of Conjurations

   Spells                             Type                      Level
   a - Magic Dart                     Conjuration                  1
   b - Searing Ray                    Conjuration                  2
   c - Dazzling Spray                 Conjuration/Hexes            3
   d - Fulminant Prism                Conjuration/Hexes            4
   e - Iskenderun's Mystic Blast      Conjuration                  4
   f - Iskenderun's Battlesphere      Conjuration/Charms           5
 C - a book of Minor Magic

   Spells                             Type                      Level
   a - Magic Dart                     Conjuration                  1
   b - Blink                          Translocation                2
   c - Call Imp                       Summoning                    2
   d - Repel Missiles                 Charms/Air                   2
   e - Slow                           Hexes                        2
   f - Conjure Flame                  Conjuration/Fire             3
   g - Mephitic Cloud                 Conjuration/Poison/Air       3
 H - a book of Debilitation

   Spells                             Type                      Level
   a - Corona                         Hexes                        1
   b - Slow                           Hexes                        2
   c - Gell's Gravitas                Hexes/Translocation          3
   d - Inner Flame                    Hexes/Fire                   3
   e - Cause Fear                     Hexes                        4
   f - Leda's Liquefaction            Hexes/Earth                  4
Comestibles
 f - 7 bread rations
 l - 2 chunks of flesh
 n - 7 beef jerkies
 v - 4 meat rations
 x - 2 slices of pizza
 F - 5 fruits


   Skills:
 + Level 8.9 Fighting
 * Level 6.0(9.3) Short Blades
 + Level 11.9(12.5) Long Blades
 + Level 9.1 Armour
 + Level 3.5 Dodging
 + Level 10.2 Shields


You had 10 spell levels left.
You didn't know any spells.

Dungeon Overview and Level Annotations

Branches:
Dungeon (9/15)             Temple (1/1) D:6
   Lair: D:8-11         Orc: D:9-12

Altars:
Ashenzari
Cheibriados
Dithmenos
Elyvilon
Fedhas
Gozag
Hepliaklqana
Kikubaaqudgha
Makhleb
Nemelex Xobeh
Okawaru
Qazlal
Ru
Sif Muna
Trog
Uskayaw
Vehumet
Xom
Yredelemnul
Zin
The Shining One

Shops:
D:6 **}(   D:8 *   D:12 =


Innate Abilities, Weirdness & Mutations

You reflexively headbutt those who attack you in melee.
You have a pair of horns on your head.
You cannot read scrolls while threatened.
You cannot study or use magical devices.
You are partially covered in thin metallic scales. (AC +2)


Message History

Your shield and plate armour prevent you from hitting the freezing wraith.
The freezing wraith is severely damaged.
You feel yourself speed up. The freezing wraith hits you!
* * * LOW HITPOINT WARNING * * *
The freezing wraith freezes you!!
* * * LOW HITPOINT WARNING * * *
You block the freezing wraith's attack.
You feel better. You block the freezing wraith's attack.
The freezing wraith hits you but does no damage.
You closely miss the freezing wraith.
The freezing wraith is severely damaged.
You block the freezing wraith's attack.
The freezing wraith hits you but does no damage.
You puncture the freezing wraith! You burn the freezing wraith.
The freezing wraith is almost destroyed.
The freezing wraith hits you.
* * * LOW HITPOINT WARNING * * *
The freezing wraith freezes you!!
You die...

#....# #.#
#....# #.#
#....# #.#
#....#
##########.#
###...#
##..........#
..##.....#
#............
..........W#
#............
.<.....###W##
#............
....... ##@#
##...........
....... #.##
##..........
....... #..#
###........
...p... ##.##
#####..##
.....%.
#..#######....##
#.............#
#..##########.##
#...# ####..#
#....# ##.....##


You could see 2 freezing wraiths.

Vanquished Creatures
  A hydra (D:12)
  Erica (D:8)
  A death knight (D:12)
  3 skeletal warriors (D:12)
  A centaur zombie (D:12)
  Maurice (D:8)
  Joseph (D:8)
  A hornet (D:7)
  A troll (D:12)
  Prince Ribbit (D:8)
  2 hippogriffs (D:8)
  A wraith (D:12)
  Menkaure (D:7)
  Duvessa (D:7)
  An ice beast (D:8)
  2 phantoms
  A necrophage (D:9)
  3 orc warriors
  2 ogres (D:7)
  3 centaurs
  2 bullfrogs
  Dowan (D:7)
  7 scorpions
  The ghost of BurningArk the Skirmisher, a weakling DrBe of Trog (D:3)
  3 wights (D:7)
  A howler monkey (D:6)
  2 crimson imps
  2 jellies
  A quasit (D:12)
  2 bullfrog skeletons
  2 bullfrog zombies
  7 orc priests
  2 hounds (D:9)
  A centaur skeleton (D:7)
  An iguana (D:4)
  6 orc wizards
  5 worker ants
  2 hound zombies
  A hound skeleton (D:4)
  2 worker ant zombies
  Robin (D:3)
  7 adders
  2 shadow imps (D:8)
  An ooze (D:4)
  An adder zombie (D:5)
  4 worms
  3 dart slugs (D:1)
  5 leopard geckos
  40 orcs
  A ball python (D:2)
  3 giant cockroaches
  5 hobgoblins
  4 jackals (D:7)
  A quokka (D:8)
  6 bats
  4 frilled lizards
  10 goblins
  A jackal skeleton (D:5)
  A jackal zombie (D:6)
  7 kobolds
  4 rats
191 creatures vanquished.

Notes
Turn   | Place    | Note
-------+----------+-------------------------------------------
     0 | D:1      | one1010 the Minotaur Fighter began the quest for the Orb.
     0 | D:1      | Reached XP level 1. HP: 19/19 MP: 0/0
   113 | D:1      | Reached XP level 2. HP: 24/27 MP: 1/1
   532 | D:1      | Reached skill level 3 in Long Blades
   763 | D:2      | Reached XP level 3. HP: 33/33 MP: 2/2
  1017 | D:2      | Found a glowing silver altar of Zin.
  1239 | D:3      | Found a shimmering altar of Xom.
  1275 | D:3      | Noticed BurningArk's ghost (weakling DrBe)
  1292 | D:3      | Killed BurningArk's ghost
  1292 | D:3      | Reached skill level 4 in Long Blades
  1292 | D:3      | Reached XP level 4. HP: 12/40 MP: 3/3
  1320 | D:3      | Noticed Robin
  1739 | D:3      | Killed Robin
  1773 | D:3      | Reached XP level 5. HP: 24/47 MP: 4/4
  2296 | D:4      | Reached skill level 5 in Long Blades
  2296 | D:4      | Reached skill level 5 in Shields
  2320 | D:4      | Reached XP level 6. HP: 44/53 MP: 5/5
  2395 | D:4      | Reached skill level 1 in Dodging
  2408 | D:4      | Reached skill level 5 in Armour
  3131 | D:5      | Entered Level 5 of the Dungeon
  3247 | D:5      | Noticed an orc warrior
  3263 | D:5      | Killed an orc warrior
  3263 | D:5      | Reached skill level 5 in Fighting
  3263 | D:5      | Reached XP level 7. HP: 37/61 MP: 6/6
  3351 | D:5      | Reached skill level 6 in Long Blades
  3761 | D:6      | Found Heixt's Antique Weapon Boutique.
  3761 | D:6      | Found Miofruv's Gadget Boutique.
  3813 | D:6      | Reached skill level 7 in Long Blades
  3821 | D:6      | Found a hide-covered altar of Uskayaw.
  3821 | D:6      | Found a faded altar of an unknown god.
  3826 | D:6      | Found a faded altar of an unknown god.
  3828 | D:6      | Found a faded altar of an unknown god.
  3829 | D:6      | Found a faded altar of an unknown god.
  3852 | D:6      | Found a staircase to the Ecumenical Temple.
  3912 | Temple   | Entered the Ecumenical Temple
  4013 | Temple   | Became a worshipper of Ru the Awakened
  4250 | D:6      | Found Zulef's Assorted Antiques.
  4259 | D:6      | Found Wublil's Assorted Antiques.
  4283 | D:6      | Gained mutation: You are partially covered in thin metallic scales. (AC +2) [potion of beneficial mutation]
  4511 | D:6      | Found a sparkling altar of Nemelex Xobeh.
  4512 | D:6      | Found a deep blue altar of Sif Muna.
  4553 | D:6      | Reached XP level 8. HP: 69/69 MP: 7/7
  4665 | D:7      | Noticed Duvessa
  4672 | D:7      | Noticed Dowan
  4699 | D:7      | Killed Duvessa
  4710 | D:7      | Killed Dowan
  4781 | D:7      | Reached skill level 8 in Long Blades
  4815 | D:7      | Noticed a hornet
  4818 | D:7      | Paralysed by a hornet for 1 turns
  4823 | D:7      | Killed a hornet
  4941 | D:7      | Reached skill level 9 in Long Blades
  5253 | D:7      | Noticed Menkaure
  5260 | D:7      | Killed Menkaure
  5260 | D:7      | Reached XP level 9. HP: 78/78 MP: 8/8
  5281 | D:7      | Gained mutation: You cannot study or use magical devices. [Ru sacrifice]
  5281 | D:7      | Reached * piety under Ru
  5281 | D:7      | Reached ** piety under Ru
  5281 | D:7      | Reached *** piety under Ru
  5683 | D:8      | Noticed Prince Ribbit
  5690 | D:8      | Killed Prince Ribbit
  5690 | D:8      | Reached skill level 10 in Long Blades
  5759 | D:8      | Noticed Joseph
  5829 | D:8      | Killed Joseph
  5854 | D:8      | Noticed Erica
  5967 | D:8      | Noticed Maurice
  6059 | D:8      | Found Gewerch's General Store.
  6097 | D:8      | Killed Erica
  6097 | D:8      | Reached skill level 11 in Long Blades
  6097 | D:8      | Reached XP level 10. HP: 77/88 MP: 9/9
  6179 | D:8      | Killed Maurice
  6404 | D:8      | Got a shimmering quarterstaff
  6410 | D:8      | Identified the +6 quarterstaff of the Extremes {freeze, Str+4 Int+4} (You found it on level 8 of the Dungeon)
  6897 | D:9      | You fall through a shaft for 3 floors!
  6913 | D:12     | Got a shimmering rapier
  6914 | D:12     | Identified the +9 rapier of Incongruity {flame, Str+4 Stlth+} (You found it on level 12 of the Dungeon)
  6915 | D:12     | Noticed a skeletal warrior
  6920 | D:12     | Noticed a skeletal warrior
  6920 | D:12     | Noticed a skeletal warrior
  6936 | D:12     | Gained mutation: You cannot read scrolls while threatened. [Ru sacrifice]
  6936 | D:12     | Reached **** piety under Ru
  6953 | D:12     | Reached skill level 1 in Short Blades
  6985 | D:12     | Found Makoumm's Jewellery Shop.
  6994 | D:12     | Noticed a four-headed hydra
  7018 | D:12     | Noticed a death knight
  7024 | D:12     | Killed a four-headed hydra
  7231 | D:12     | Killed a skeletal warrior
  7277 | D:12     | Killed a skeletal warrior
  7277 | D:12     | Reached skill level 10 in Shields
  7287 | D:12     | Killed a skeletal warrior
  7287 | D:12     | Reached skill level 5 in Short Blades
  7287 | D:12     | Reached XP level 11. HP: 65/95 MP: 10/10
  7550 | D:12     | Killed a death knight
  7562 | D:12     | Mangled by a freezing wraith

Vault maps used:
D:1:      ncdulo_watergridlock
D:2:      lemuel_round_altar
D:3:      xom_teletrap_fun, uniq_robin
D:4:      first_bread, grunt_ministairs_15
D:5:      guppyfry_early_orc_mine
D:6:      chequers_temple_overflow_minitemple, gammafunk_temple_overflow_pools,
          serial_shops, shop_fountains, shop, shop, nicolae_shop_waterfront
D:7:      grunt_ogre_cave, uniq_duvessa, uniq_menkaure
D:8:      serial_shops, shop, uniq_erica, uniq_maurice, uniq_prince_ribbit1,
          uniq_joseph
D:9:      grunt_ministairs_11
D:12:     serial_shops, nicolae_shop_behind_doors
Temple:   regret_index_temple_sphere_string

Skill      XL: |  1  2  3  4  5  6  7  8  9 10 11 |
---------------+----------------------------------+-----
Long Blades    | 3 4 5 7 9 11 | 11.9
Fighting       | 4 5 6 7 8 |  8.9
Shields        | 4 5 6 7 8 10 | 10.2
Armour         | 4 5 6 8 9 |  9.1
Dodging        | 1 2 3 |  3.5
Short Blades   | 5 6 |  6.0

Action                   |  1- 3 |  4- 6 |  7- 9 | 10-12 || total
-------------------------+-------+-------+-------+-------++-------
Melee: Long sword        |   108 |   187 |   307 |   107 ||   709
       Headbutt          |    14 |    26 |    70 |    49 ||   159
       Rapier            |       |       |       |    85 ||    85
Invok: Sacrifice Artific |       |       |     1 |       ||     1
       Sacrifice Words   |       |       |       |     1 ||     1
Evoke: Wand              |       |       |     4 |       ||     4
  Use: Scroll            |       |     8 |    10 |     7 ||    25
       Potion            |       |       |     4 |     1 ||     5
 Stab: Invisible         |       |       |     1 |       ||     1
  Eat: Chunk             |     1 |     7 |     9 |     4 ||    21
       Fruit             |       |       |       |     1 ||     1
Armor: Scale mail        |    19 |       |       |       ||    19
       Chain mail        |    22 |    85 |   126 |    41 ||   274
       Plate armour      |       |       |       |    31 ||    31
Dodge: Dodged            |    26 |    37 |    58 |    21 ||   142
Block: Shield            |    66 |   109 |   115 |    33 ||   323
       Large shield      |       |       |       |   100 ||   100
       Rpst.: Long sword |     7 |     9 |    20 |     3 ||    39
